 Dungeon Crawl Stone Soup version 0.20-a0-658-g02b20f4 (webtiles) character file.

257 kokoko the Covert (level 5, 0/25 HPs)
             Began as a Spriggan Assassin on Feb 17, 2017.
             Slain by an orc priest (4 damage)
             ... on level 4 of the Dungeon.
             The game lasted 00:10:26 (4683 turns).

kokoko the Covert (Spriggan Assassin)               Turns: 4683, Time: 00:10:27

Health: 0/25       AC:  3    Str:  7    XL:     5   Next: 93%
Magic:  6/6        EV: 17    Int: 17    God:
Gold:   190        SH:  0    Dex: 19    Spells: 4/4 levels left

rFire    . . .     SeeInvis +   a - +2 dagger
rCold    . . .     Gourm    .   c - +0 robe
rNeg     . . .     Faith    .   (shield restricted)
rPois    .         Spirit   .   (helmet restricted)
rElec    .         Reflect  .   d - +0 cloak
rCorr    .         Harm     .   (gloves unavailable)
MR       .....                  (boots unavailable)
Stlth    ++++......             (no amulet)
Regen    0.1/turn               k - ring of wizardry
MPRegen  0.1/turn               l - +5 ring of intelligence

@: very quick
A: unfitting armour, see invisible, herbivore 3, speed 3, slow metabolism 2
a: no special abilities


You were on level 4 of the Dungeon.
You were not hungry.

You visited 1 branch of the dungeon, and saw 4 of its levels.

You collected 190 gold pieces.

Inventory:

Hand Weapons
 a - a +2 dagger (weapon)
 b - a +0 blowgun
Missiles
 e - 42 poisoned needles
 f - a curare-tipped needle
 m - a throwing net (quivered)
 p - 59 arrows
Armour
 c - a +0 robe (worn)
 d - a +0 cloak (worn)
Jewellery
 k - a ring of wizardry (right hand)
 l - a +5 ring of intelligence (left hand)
 r - an uncursed ring of flight
Scrolls
 i - a scroll of amnesia
Potions
 j - 2 potions of haste
 o - a potion of lignification
 s - a potion of might {unknown}
Comestibles
 g - 2 bread rations
 q - 2 royal jellies


   Skills:
 - Level 1.5 Fighting
 + Level 5.0 Short Blades
 - Level 2.0 Throwing
 - Level 1.5 Dodging
 + Level 8.9 Stealth


You had 4 spell levels left.
You didn't know any spells.

Dungeon Overview and Level Annotations

Branches:
Dungeon (4/15)
 Temple: D:4-7

Altars:

Annotations:
D:3 lupus83's ghost, amateur OgHu


Innate Abilities, Weirdness & Mutations

You are very small and have problems with some larger weapons.
You are too small for most types of armour.
You have supernaturally acute eyesight. (SInv)
You are a herbivore.
You cover ground extremely quickly.
You need consume almost no food.


Message History

You closely miss the orc priest.
The orc priest is severely wounded.
The orc priest barely misses you. The orc wizard closely misses you.
You completely miss the orc priest.
The orc priest is severely wounded.
You closely miss the orc priest.
The orc priest is severely wounded.
The orc priest hits you.
* * * LOW HITPOINT WARNING * * *
The orc wizard hits you with a dagger.
* * * LOW HITPOINT WARNING * * *
You hit the orc priest.
You kill the orc priest!
Your Short Blades skill increases to level 5!
You hear the slow hiss of an avalanche of sand.
The orc wizard closely misses you.
You hit the orc priest.
The orc priest is lightly wounded.
The orc wizard barely misses you. The orc priest hits you.
You die...

.....#.######.......#
#...................
.....#.....#...<....
### #..#..#........
#....<#.....###
.....###.#.....#
###..###.#..#..#
#.............#
#...#####..#@o# ..
#..##o# #....oo.
##........ ##########


You could see an orc priest, 2 orc wizards and an orc.

Vanquished Creatures
  An orc priest (D:4)
  Robin (D:2)
  10 adders
  3 gnolls (D:2)
  A worm (D:3)
  3 dart slugs (D:3)
  3 leopard geckos
  9 bats
  3 giant cockroaches
  19 goblins
  10 hobgoblins
  6 jackals
  4 kobolds
  A quokka (D:3)
  2 ball pythons (D:3)
  4 frilled lizards
  7 rats
87 creatures vanquished.

Notes
Turn   | Place    | Note
-------+----------+-------------------------------------------
     0 | D:1      | kokoko the Spriggan Assassin began the quest for the Orb.
     0 | D:1      | Reached XP level 1. HP: 10/10 MP: 2/2
    36 | D:1      | Reached skill level 6 in Stealth
   171 | D:1      | Reached XP level 2. HP: 14/14 MP: 3/3
   777 | D:2      | Noticed Robin
  1032 | D:2      | Reached XP level 3. HP: 18/18 MP: 4/4
  1451 | D:2      | Killed Robin
  1451 | D:2      | Reached skill level 7 in Stealth
  1668 | D:2      | Reached XP level 4. HP: 16/22 MP: 5/5
  2993 | D:2      | Reached skill level 8 in Stealth
  2993 | D:2      | Reached XP level 5. HP: 8/25 MP: 6/6
  3885 | D:3      | Noticed lupus83's ghost (amateur OgHu)
  4682 | D:4      | Reached skill level 5 in Short Blades
  4683 | D:4      | Slain by an orc priest

Vault maps used:
D:1:      scummos_arrival_hexagon, serial_bayou_pond_e, minmay_split_cup_small
D:2:      kennysheep_goblin_castle, grunt_ministairs_9
D:4:      minitemple, temple_doors_ab, enter_ossuary_4, serial_bayou_pond_b,
          uniq_pikel

Skill      XL: |  1  2  3  4  5 |
---------------+----------------+-----
Stealth        | 6 7 8 |  8.9
Short Blades   | 3 4 5 |  5.0
Fighting       | |  1.5
Throwing       | |  2.0
Dodging        | |  1.5

Action                   |  1- 3 |  4- 6 || total
-------------------------+-------+-------++-------
Melee: Dagger            |    85 |   173 ||   258
 Fire: Blowgun           |    12 |    16 ||    28
  Use: Potion            |     2 |     3 ||     5
       Scroll            |       |     6 ||     6
 Stab: Sleeping          |    13 |    22 ||    35
  Eat: Royal jelly       |       |     1 ||     1
Armor: Robe              |    19 |    14 ||    33
Dodge: Dodged            |    51 |   105 ||   156
